 Dungeon Crawl Stone Soup version 0.28-a0-730-g892d06dc2c (webtiles) character file.

Game seed: 12516636538010488193

499 funkygono the Firebug (level 7, -9/36 HPs)
             Began as a Gargoyle Fire Elementalist on Oct 28, 2021.
             Mangled by an ogre (21 damage)
             ... on level 4 of the Dungeon.
             The game lasted 00:07:18 (4618 turns).

funkygono the Firebug (Gargoyle Fire Elementalist)  Turns: 4618, Time: 00:07:19

Health: -9/36      AC: 13    Str: 12    XL:     7   Next: 16%
Magic:  7/14       EV: 12    Int: 17    God:
Gold:   127        SH:  0    Dex: 10    Spells: 5/15 levels left

rFire   + . .      SeeInvis .   n - +1 whip
rCold   x . .      Faith    .   (no shield)
rNeg    + . .      Spirit   .   a - +0 robe
rPois   ∞          Reflect  .   d - +2 hat
rElec   +          Harm     .   (no cloak)
rCorr   .          Rampage  .   e - +0 pair of gloves
Will    .....                   (no boots)
Stlth   ++........              (no amulet)
HPRegen 0.12/turn               c - ring of fire
MPRegen 0.14/turn               o - +4 ring of protection

@: no status effects
A: sickness immunity, AC +4, negative energy resistance 1, electricity
resistance, torment resistance 1, petrification resistance
a: no special abilities


You were on level 4 of the Dungeon.
You visited 1 branch of the dungeon, and saw 5 of its levels.

You collected 127 gold pieces.

Inventory:

Hand Weapons
 b - a +0 mace
 n - a +1 whip (weapon)
Missiles
 k - 105 stones
Armour
 a - a +0 robe (worn)
 d - a +2 hat (worn)
 e - a +0 pair of gloves (worn)
 i - a +0 ring mail
 p - a +0 buckler
Jewellery
 c - a ring of fire (left hand)
 o - a +4 ring of protection (right hand)
Wands
 q - a wand of flame (20)
Scrolls
 l - 2 scrolls of teleportation
 m - 3 scrolls of fear
Potions
 f - a potion of brilliance
 g - a potion of resistance
 h - a potion of mutation
 j - 2 potions of might
 r - a potion of ambrosia {unknown}
 s - a potion of heal wounds {unknown}
 t - a potion of cancellation {unknown}
 u - a potion of flight {unknown}


   Skills:
 + Level 1.7 Dodging
 - Level 2.1 Stealth
 * Level 4.6 Spellcasting
 * Level 3.7 Conjurations
 * Level 5.2 Fire Magic


You had 5 spell levels left.
You knew the following spells:

 Your Spells              Type           Power      Damage    Failure   Level
a - Foxfire               Conj/Fire      100%       2x1d9     2%          1
b - Scorch                Fire           64%        2d8       2%          2
c - Conjure Flame         Conj/Fire      28%        6-21      7%          3
d - Flame Wave            Conj/Fire      28%        3d7       22%         4

Your spell library contained the following spells:

 Spells                   Type           Power      Damage    Failure   Level
 Inner Flame              Hex/Fire       19%        N/A       16%         3


Dungeon Overview and Level Annotations

Branches:
Dungeon (5/15)
 Temple: D:4-7

Altars:
Fedhas

Annotations:
D:3 exclusion: oklob plant
D:4 Eustachio
D:5 Pikel


Innate Abilities, Weirdness & Mutations

You are immune to sickness and miasma.
Your stone body is resilient. (AC +4)
You are immune to poison.
You resist negative energy. (rN+)
You are resistant to electric shocks. (rElec)
You are resistant to unholy torment.
You are immune to petrification.


Message History

The lemure barely misses you.
Casting: Foxfire (safe; 2% risk of failure)
Confirm with . or Enter, or press ? or * to list all spells.
You feel a surge of power!
Flames lash the lemure.
The lemure is almost dead.
The lemure's fire resistance burns away.
The ogre barely misses you. The lemure hits you.
Unknown command.
Casting: Scorch (safe; 2% risk of failure)
Confirm with . or Enter, or press ? or * to list all spells.
You don't know that spell.
Unknown command.
Casting: Scorch (safe; 2% risk of failure)
Confirm with . or Enter, or press ? or * to list all spells.
You feel a surge of power!
Flames lash the lemure.
The lemure is burned terribly!
You kill the lemure!
That felt strangely unrewarding.
The ogre hits you with a +0 giant spiked club.
Casting: Scorch (safe; 2% risk of failure)
Confirm with . or Enter, or press ? or * to list all spells.
You feel a surge of power!
You conjure some foxfire!
The foxfire hits the ogre.
The ogre is lightly wounded.
The foxfire hits the ogre!
The ogre is moderately wounded.
Casting: Foxfire (safe; 2% risk of failure)
Confirm with . or Enter, or press ? or * to list all spells.
You feel a surge of power!
You conjure some foxfire!
The ogre hits you with a +0 giant spiked club!
The foxfire hits the ogre.
The ogre is heavily wounded.
The foxfire hits the ogre.
The ogre is heavily wounded.
Casting: Foxfire (safe; 2% risk of failure)
Confirm with . or Enter, or press ? or * to list all spells.
You feel a surge of power!
You conjure some foxfire!
The ogre hits you with a +0 giant spiked club!!
Ouch! That really hurt!
You die...

#........#.............. #####
#.######.#.############# #...#
#.######.#.# #...# #........#.#
#...# #........#.# #...#
#........#.#
####...###>......<#.###########
................v.........>...#
########........@O.#####.####.#
####.#.....v§..# #...# #.#
#####....#########.###.### #.#
....'....'...............# #.#
#####....##..#####.#######
#.### #....###.# #.#
#.######.#.. #....# #.#
##.###........#.# ### #....#
#[## #.............#.# ..#
#....# #..# #.........)...#.#


You could see an ogre (ally target).

Vanquished Creatures
  Grinder (D:4)
  An ogre (D:4)
  A lemure (D:4)
  Jessica (D:3)
  2 iguanas
  Terence (D:2)
  3 adders
  3 worms
  5 dart slugs
  6 orcs
  5 ball pythons
  3 bats
  5 endoplasms
  3 giant cockroaches
  12 goblins
  7 hobgoblins
  9 kobolds
  5 quokkas
  4 frilled lizards
  5 rats
82 creatures vanquished.

Vanquished Creatures (others)
  302 foxfires
  A fungus (D:3)
  4 plants (D:3)
307 creatures vanquished.

Grand Total: 389 creatures vanquished

Notes
Turn   | Place    | Note
-------+----------+-------------------------------------------
     0 | D:1      | funkygono the Gargoyle Fire Elementalist began the quest
                  | for the Orb.
     0 | D:1      | Reached XP level 1. HP: 10/10 MP: 3/3
    91 | D:1      | Reached XP level 2. HP: 15/15 MP: 0/5
   660 | D:1      | Reached XP level 3. HP: 19/19 MP: 3/6
   663 | D:1      | Learned a level 2 spell: Scorch
   667 | D:1      | Learned a level 3 spell: Conjure Flame
  1095 | D:2      | Noticed Terence
  1102 | D:2      | Killed Terence
  1171 | D:2      | Reached XP level 4. HP: 24/24 MP: 2/8
  1357 | D:2      | Reached skill level 4 in Fire Magic
  2230 | D:2      | Identified a scroll of acquirement
  2230 | D:2      | Acquired a ring of fire
  2349 | D:3      | Reached XP level 5. HP: 28/28 MP: 7/10
  2855 | D:3      | Found a blossoming altar of Fedhas.
  2873 | D:3      | Noticed an oklob plant
  2912 | D:3      | Learned a level 4 spell: Flame Wave
  2983 | D:4      | Noticed an ogre
  2986 | D:4      | Noticed Eustachio
  2995 | D:4      | Killed an ogre
  2996 | D:4      | Reached XP level 6. HP: 30/32 MP: 1/11
  3215 | D:3      | Found a faded altar of an unknown god.
  3275 | D:3      | Noticed Jessica
  3284 | D:3      | Killed Jessica
  3615 | D:4      | Noticed Grinder
  3621 | D:4      | Killed Grinder
  3622 | D:4      | Reached skill level 5 in Fire Magic
  3622 | D:4      | Reached XP level 7. HP: 36/36 MP: 4/13
  4595 | D:5      | Entered Level 5 of the Dungeon
  4595 | D:5      | Noticed Pikel
  4618 | D:4      | Mangled by an ogre

Illustrated notes

Levels and vault maps discovered:
D:1:      minmay_arrival_three_doors, layout_loops_ring, nrook_mini_vaults
D:2:      minmay_wonky_spiral, layout_loops_corners, uniq_terence
D:3:      layout_rooms, tgw_fedhas, hellmonk_ecumenical_altar_leap_of_faith,
          kennysheep_jessica_study
D:4:      layout_basic, uniq_grinder, uniq_eustachio
D:5:      layout_basic, nicolae_dithmenos_the_darkroom, zin_academy,
          kennysheep_generic_room_15, uniq_crazy_yiuf_cottage, uniq_duvessa,
          uniq_pikel

Skill      XL: |  1  2  3  4  5  6 |
---------------+-------------------+-----
Spellcasting   | 3 4 |  4.6
Fire Magic     | 4 5 |  5.2
Conjurations   | 2 3 |  3.7
Dodging        | |  1.7
Stealth        | |  2.1

Action                   |  1- 3 |  4- 6 |  7- 9 || total
-------------------------+-------+-------+-------++-------
Melee: Club              |     4 |       |       ||     4
       Whip              |       |    17 |     4 ||    21
 Cast: Foxfire           |    45 |    87 |    42 ||   174
       Scorch            |     1 |     7 |     4 ||    12
  Use: Scroll            |       |    12 |       ||    12
Armor: Robe              |     1 |    19 |     3 ||    23
Dodge: Dodged            |     9 |    24 |     7 ||    40

Table legend: (Time is in decaauts)
 A = Elapsed time spent in this place.
 B = Non-inter-level travel time spent in this place.
 C = Inter-level travel time spent in this place.
 D = Time resting spent in this place.
 E = Time spent auto-exploring this place.
 F = Levels seen in this place.
 G = Mean time per level.
                   A        B        C        D        E       F      G
               +--------+--------+--------+--------+--------+-----+--------+
         Total |   4626 |   4493 |    133 |     71 |   3630 |   5 |  925.2 |
       Dungeon |   4626 |   4493 |    133 |     71 |   3630 |   5 |  925.2 |
               +--------+--------+--------+--------+--------+-----+--------+

Top non-repeatable levels by time:
     D:2: 1317 daAuts
     D:3: 1194 daAuts
     D:4: 1092 daAuts
     D:1: 1017 daAuts
     D:5: 4 daAuts
